 Dungeon Crawl Stone Soup version 0.20-a0-251-g16a58bf (webtiles) character file.

5128 feito the Slicer (level 10, 0/66 HPs)
             Began as a Halfling Abyssal Knight on Nov 30, 2016.
             Was an Elder of Lugonu.
             Slain by a wolf (4 damage)
             ... on level 8 of the Dungeon.
             The game lasted 00:42:06 (8567 turns).

feito the Slicer (Halfling Abyssal Knight)          Turns: 8567, Time: 00:42:09

Health: 0/66       AC:  8    Str: 13    XL:     10   Next: 88%
Magic:  14/14      EV:  3    Int: 10    God:    Lugonu [****..]
Gold:   400        SH:  0    Dex: 18    Spells: 6/9 levels left

rFire  . . .     SeeInvis .     a - +4 short sword (elec)
rCold  . . .     Gourm    .     i - +0 ring mail
rNeg   + + +     Faith    .     s - +0 shield
rPois  ∞         Spirit   .     v - +0 helmet
rElec  .         Reflect  +     L - +0 cloak
rCorr  .         Harm     .     (no gloves)
MR     +....                    (no boots)
Stlth  ++........               k - +6 amulet of reflection
                                U - +4 ring of slaying
                                Q - ring of protection from magic

@: petrified
A: mutation resistance 1
a: Depart the Abyss, Bend Space, Banish, Corrupt, Renounce Religion


You were on level 8 of the Dungeon.
You worshipped Lugonu.
Lugonu was greatly pleased with you.
You were not hungry.

You visited 1 branch of the dungeon, and saw 8 of its levels.
You visited the Abyss 1 time.
You also visited: Sewer.

You collected 400 gold pieces.

Inventory:

Hand Weapons
 a - a +4 short sword of electrocution (weapon)
 b - a +0 blowgun
 F - a +0 dagger of holy wrath
Missiles
 n - 107 stones (quivered)
 M - 2 poisoned needles
Armour
 i - a +0 ring mail (worn)
 s - a +0 shield (worn)
 v - a +0 helmet (worn)
 L - a +0 cloak (worn)
Jewellery
 e - an uncursed ring of positive energy
 j - an uncursed ring of resist corrosion
 k - a +6 amulet of reflection (around neck)
 t - an uncursed amulet of faith
 Q - a ring of protection from magic (left hand)
 U - a +4 ring of slaying (right hand)
Wands
 m - a wand of digging (8/24)
 u - a wand of paralysis (6/24)
Scrolls
 d - 7 scrolls of remove curse
 h - 3 scrolls of fog
 q - 3 scrolls of recharging
 y - 3 scrolls of teleportation
 C - 3 scrolls of enchant weapon {unknown}
 G - a scroll of magic mapping {unknown}
 H - 3 scrolls of fear {unknown}
 J - 2 scrolls of blinking {unknown}
 S - a scroll of silence {unknown}
Potions
 g - 3 potions of brilliance
 p - 2 potions of agility
 r - a potion of curing
 w - a potion of might
 x - a potion of haste
 z - 2 potions of lignification {unknown}
 A - 2 potions of flight
 B - a potion of heal wounds {unknown}
 E - a potion of magic {unknown}
 K - a potion of mutation {unknown}
 O - 2 potions of cure mutation {unknown}
 R - a potion of degeneration {unknown}
Books
 l - a book of Necromancy

   Spells                             Type                      Level
   a - Pain                           Necromancy                   1
   b - Animate Skeleton               Necromancy                   1
   c - Vampiric Draining              Necromancy                   3
   d - Regeneration                   Charms/Necromancy            3
   e - Animate Dead                   Necromancy                   4
   f - Control Undead                 Necromancy                   4
 P - a book of Frost

   Spells                             Type                      Level
   a - Freeze                         Ice                          1
   b - Throw Frost                    Conjuration/Ice              2
   c - Ozocubu's Armour               Charms/Ice                   3
   d - Throw Icicle                   Conjuration/Ice              4
   e - Summon Ice Beast               Ice/Summoning                4
Comestibles
 c - 6 bread rations
 f - 2 beef jerkies
 o - a chunk of flesh
 I - 3 fruits


   Skills:
 * Level 5.4 Fighting
 * Level 9.4 Short Blades
 + Level 0.2 Throwing
 * Level 6.0 Armour
 * Level 5.8 Dodging
 + Level 2.4 Stealth
 * Level 7.8 Shields
 * Level 3.1 Charms
 * Level 6.0 Invocations


You had 6 spell levels left.
You knew the following spells:

 Your Spells              Type           Power        Failure   Level  Hunger
a - Ozocubu's Armour      Chrm/Ice       #.......     100%        3    ####...


Dungeon Overview and Level Annotations

Branches:
Dungeon (8/15)             Temple (0/1) D:5            Lair (0/6) D:8

Altars:
Dithmenos
Gozag
Nemelex Xobeh
Sif Muna
Vehumet

Shops:
D:5 }


Innate Abilities, Weirdness & Mutations

You are small and have problems with some larger weapons.
You are somewhat resistant to further mutation.


Message History

* * * LOW HITPOINT WARNING * * *
The wolf barely misses you. The wolf bites you but does no damage.
The wolf bites you!
* * * LOW HITPOINT WARNING * * *
The wolf barely misses you. The wolf bites you.
* * * LOW HITPOINT WARNING * * *
The wolf bites you.
* * * LOW HITPOINT WARNING * * *
The wolf bites you.
The basilisk bites you but does no damage.
The wolf bites you!
* * * LOW HITPOINT WARNING * * *
The wolf bites you but does no damage. x2
The slave shouts!
The wolf bites you but does no damage. x2; The wolf bites you.
* * * LOW HITPOINT WARNING * * *
The wolf bites you but does no damage. The basilisk bites you.
* * * LOW HITPOINT WARNING * * *
The wolf bites you!
You die...

##....## ##....##
###....##
##....#####
##.........####
##.............##
.......÷........#
................##
...#..h@h........#
...#..lhh....P.P..
.. #........P..♣.
#.<..........[.
#.....P.P..P.P.
#...P.P.p♣.P...
....#P...P....P♣
##.###..P....>.Pt
## #.P...♣....P


You could see a basilisk, a slave and 4 wolves.

Vanquished Creatures
  A hydra (D:7)
  A hippogriff (D:7)
  Sigmund (D:3)
  A basilisk (D:8)
  A hungry ghost (D:3)
  2 porcupines (D:8)
  Duvessa (D:6)
  2 orc warriors (D:7)
  Purgy (Sewer)
  4 sky beasts
  3 phantoms
  An eye of draining (D:7)
  A centaur (D:7)
  6 ogres
  A wolf (D:8)
  2 bullfrogs
  Blork the orc (D:4)
  The ghost of Xiguana the Vexing, an amateur SpAM (Sewer)
  Dowan (D:6)
  2 elf skeletons (D:7)
  2 scorpions
  3 howler monkeys (D:7)
  4 crimson imps
  A bullfrog zombie (D:6)
  A centaur zombie (D:7)
  A quasit (D:6)
  3 hounds
  A bullfrog skeleton (D:5)
  6 orc priests
  A centaur skeleton (D:7)
  Jessica (D:3)
  2 human skeletons (D:7)
  4 orc wizards
  4 worker ants
  Natasha (thrice) (D:3)
  A hound skeleton (D:6)
  Robin (D:2)
  3 gnolls (D:4)
  11 adders
  4 shadow imps
  An adder zombie (D:5)
  An adder skeleton (D:4)
  2 worms
  3 dart slugs
  9 leopard geckos
  20 orcs
  3 bats
  5 giant cockroaches
  15 goblins
  12 hobgoblins
  14 jackals
  9 kobolds
  4 quokkas
  A ball python (D:3)
  4 frilled lizards
  2 orc skeletons (D:7)
  A quokka skeleton (D:4)
  8 rats
205 creatures vanquished.

Notes
Turn   | Place    | Note
-------+----------+-------------------------------------------
     0 | Abyss:1  | feito the Halfling Abyssal Knight began the quest for the Orb.
     0 | Abyss:1  | Reached XP level 1. HP: 15/15 MP: 2/2
    28 | Abyss:1  | Noticed a white very ugly thing
    29 | Abyss:1  | Noticed an ancient zyme
    29 | D:1      | Escaped the Abyss
   473 | D:1      | Reached XP level 2. HP: 18/21 MP: 3/3
   708 | D:1      | Reached XP level 3. HP: 26/26 MP: 4/4
   723 | D:1      | Reached * piety under Lugonu
   908 | D:2      | Found an opulent altar of Gozag.
  1018 | D:2      | Reached XP level 4. HP: 22/31 MP: 5/5
  1190 | D:2      | Reached skill level 3 in Short Blades
  1268 | D:2      | Noticed Robin
  1282 | D:2      | Killed Robin
  1792 | D:3      | Noticed Natasha
  1805 | D:3      | Killed Natasha
  1805 | D:3      | Reached XP level 5. HP: 18/36 MP: 6/6
  1843 | D:3      | Noticed Natasha
  1954 | D:3      | Killed Natasha
  1954 | D:3      | Reached skill level 4 in Short Blades
  1981 | D:3      | Reached ** piety under Lugonu
  2122 | D:3      | Noticed a hungry ghost
  2131 | D:3      | Noticed Sigmund
  2255 | D:3      | Reached skill level 1 in Shields
  2517 | D:3      | Killed a hungry ghost
  2517 | D:3      | Reached XP level 6. HP: 37/42 MP: 6/8
  2532 | D:3      | Noticed Natasha
  2550 | D:3      | Killed Natasha
  2655 | D:3      | Killed Sigmund
  2655 | D:3      | Reached skill level 5 in Short Blades
  2655 | D:3      | Reached skill level 1 in Stealth
  2655 | D:3      | Reached XP level 7. HP: 22/46 MP: 9/9
  3348 | D:4      | Reached XP level 8. HP: 23/54 MP: 10/10
  3753 | D:4      | Reached skill level 6 in Short Blades
  3997 | D:4      | Reached *** piety under Lugonu
  4206 | D:3      | Noticed Jessica
  4222 | D:3      | Killed Jessica
  4485 | D:4      | Noticed Blork the orc
  4510 | D:4      | Killed Blork the orc
  4824 | D:5      | Entered Level 5 of the Dungeon
  4824 | D:5      | Found a staircase to the Ecumenical Temple.
  4916 | D:5      | Found a glowing drain.
  4920 | Sewer    | Entered a sewer
  4921 | Sewer    | Noticed Xiguana's ghost (amateur SpAM)
  4940 | Sewer    | Killed Xiguana's ghost
  5015 | Sewer    | Noticed Purgy
  5025 | Sewer    | Killed Purgy
  5137 | D:5      | Found Qeever's Gadget Boutique.
  5166 | D:5      | Reached skill level 5 in Shields
  5166 | D:5      | Reached XP level 9. HP: 47/58 MP: 12/12
  5411 | D:5      | Reached **** piety under Lugonu
  5411 | D:5      | Reached skill level 5 in Armour
  5451 | D:5      | Found a shadowy altar of Dithmenos.
  5466 | D:5      | Reached skill level 7 in Short Blades
  5551 | D:5      | Learned a level 3 spell: Ozocubu's Armour
  5736 | D:6      | Noticed Duvessa
  5736 | D:6      | Noticed Dowan
  5938 | D:6      | Killed Duvessa
  5943 | D:6      | Killed Dowan
  6255 | D:6      | Reached skill level 5 in Invocations
  6416 | D:6      | Reached skill level 1 in Charms
  6472 | D:6      | Found a deep blue altar of Sif Muna.
  6757 | D:6      | Reached skill level 5 in Dodging
  6968 | D:7      | Reached skill level 8 in Short Blades
  6984 | D:7      | Noticed a hippogriff
  6991 | D:7      | Killed a hippogriff
  6991 | D:7      | Reached skill level 5 in Fighting
  6991 | D:7      | Reached XP level 10. HP: 39/66 MP: 12/14
  7002 | D:7      | Found a radiant altar of Vehumet.
  8019 | D:7      | Noticed a four-headed hydra
  8019 | D:7      | Found a sparkling altar of Nemelex Xobeh.
  8031 | D:7      | Killed a four-headed hydra
  8031 | D:7      | Reached skill level 9 in Short Blades
  8517 | D:8      | Found a staircase to the Lair.
  8567 | D:8      | Slain by a wolf

Vault maps used:
D:1:      sevenhm_arrival_forest_fort_small_3, roderic_roman_lattice,
          nrook_mini_vaults
D:2:      nicolae_gozag_cash_rules_everything_around_me, uniq_robin
D:3:      uniq_sigmund, uniq_natasha, uniq_jessica
D:4:      uniq_blork_the_orc
D:5:      grunt_dithmenos_shadows, serial_shops, nicolae_shop_trees,
          lightli_sewer_entry_pipes, first_bread, minmay_misc_feat_roman,
          eino_tiny_chamber
D:6:      led_sif_book, uniq_duvessa
D:7:      vehumet_crystals, basic_altar, nicolae_ossuary_entry_catacombs
D:8:      minmay_lair_entry_grove, grunt_ogre_cave, uniq_erica, uniq_pikel,
          uniq_psyche
Sewer:    sewer_the_crocodile

Skill      XL: |  1  2  3  4  5  6  7  8  9 10 |
---------------+-------------------------------+-----
Fighting       | 3 4 5 |  5.4
Short Blades   | 3 4 5 6 8 9 |  9.4
Dodging        | 2 3 4 5 |  5.8
Shields        | 2 3 5 6 7 |  7.8
Armour         | 3 4 5 6 |  6.0
Invocations    | 3 4 5 6 |  6.0
Stealth        | 1 2 |  2.4
Charms         | 1 3 |  3.1
Throwing       | |  0.2

Action                   |  1- 3 |  4- 6 |  7- 9 | 10-12 || total
-------------------------+-------+-------+-------+-------++-------
Melee: Short sword       |    91 |    44 |   274 |   156 ||   565
       Dagger            |       |   190 |   212 |       ||   402
Throw: Stone             |       |       |     5 |     2 ||     7
Invok: Depart the Abyss  |     1 |       |       |       ||     1
Evoke: Wand              |       |       |     2 |       ||     2
  Use: Scroll            |       |     5 |     6 |       ||    11
       Potion            |       |     3 |     2 |       ||     5
 Stab: Sleeping          |       |       |     1 |     2 ||     3
       Distracted        |       |       |       |     1 ||     1
  Eat: Chunk             |       |     7 |     7 |     1 ||    15
       Bread ration      |       |     1 |       |       ||     1
       Meat ration       |       |       |     1 |     1 ||     2
       Royal jelly       |       |       |     1 |       ||     1
       Beef jerky        |       |       |       |     1 ||     1
Armor: Leather armour    |     3 |       |       |       ||     3
       Ring mail         |    12 |    47 |    71 |    28 ||   158
Dodge: Dodged            |    40 |    72 |   125 |    30 ||   267
Block: Other             |     9 |     4 |       |       ||    13
       Shield            |       |   139 |   293 |    83 ||   515
       Reflection        |       |     3 |     5 |     1 ||     9
